cohdb
Replays
Latest Replays
All Replays
Popular Replays
Top Player Replays
Match Explorer
How It Works
Community
CoH3 Stats
Reddit
Sign in to upload your games and track your stats! →
Sign in with Steam
Match 39690826
Unlisted
Match 39690826
Overview
Messages
Build Orders
End
Kradschützen Motorcycle Team
Panzergrenadier Squad
250 Light Carrier
Construct Light Support Kompanie
MG34 Team
Fire Support Elements
Selects Italian Infantry
Selects Guastatori Squad
Guastatori Squad
Flakvierling Half-track
Pak 38 Mechanized Group
Selects Registered Artillery
Guastatori Squad
Construct Panzerarmee Kommand
Registered Artillery
Armored Reserves
Selects Defensive Operations
Selects Prepared Positions
Guastatori Squad
Walking Stuka Rocket Launcher
Tiger Heavy Tank
Tungsten Core Ammunition
Registered Artillery
Emergency Repair Kits
Selects Obice 305mm Barrage
2.5-tonne Medical Truck
Flakvierling Half-track
Base rush noobs #
Fatboy92
Морозов
Bobu Ojcu i Synowi
C'pTeR
credit
vonAJ
Edellyth
0
0
Comments
sign in to comment!
No comments posted yet!